[Event "Titled Tuesday Blitz June 27 Early 2023"]
[White "Harsh Suresh"]
[Black "Ritvin, Stanislav"]
[WhiteFideId "45018464"]
[BlackFideId "2011751"]
[WhiteElo "2824"]
[BlackElo "2479"]
[Result "1-0"]
[Round "1"]
[TimeControl "180+2"]
[Date "2023.06.27"]
[WhiteClock "0:00:10"]
[BlackClock "0:00:04"]
[Board "67"]

1. e4 e5 2. Nf3 Nc6 3. Bc4 Bc5 4. O-O Nf6 5. d4 Bxd4 6. Nxd4 Nxd4 7. f4 Qe7 8. fxe5 Qxe5 9. Be3 Ne6 10. Nc3 Nxe4 11. Nd5 c6 12. Nb4 d5 13. Nd3 Qc7 14. Bb3 O-O 15. Qf3 N6g5 16. Qh5 h6 17. Rae1 Be6 18. Kh1 Rae8 19. a4 f5 20. Nf4 Bf7 21. Qd1 Ne6 22. Nd3 Bg6 23. Bg1 f4 24. Qg4 Bf5 25. Qf3 Nd2 26. Qf2 Nxf1 27. Qxf1 Be4 28. Nf2 Bf5 29. Nd3 Be4 30. Nf2 Bg6 31. Nd3 Ng5 32. Rxe8 Bxe8 33. Bc5 Rf5 34. Qe1 Ne4 35. Qxe4 Qf7 36. Qf3 Bd7 37. Bxa7 Be6 38. a5 Rg5 39. Bd4 Bg4 40. Qxf4 Rf5 41. Qxg4 Rf1+ 42. Bg1 Qf5 43. Qxf5 Rxf5 44. Nc5 Rf7 45. c4 1-0


[Site "https://www.chess.com"]

[Event "Titled Tuesday Blitz June 27 Early 2023"]
[White "Corredor Castellanos, Camilo"]
[Black "Kravtsiv, Martyn"]
[WhiteFideId "4425871"]
[BlackFideId "14113147"]
[WhiteElo "2479"]
[BlackElo "2821"]
[Result "0-1"]
[Round "1"]
[TimeControl "180+2"]
[Date "2023.06.27"]
[WhiteClock "0:00:16"]
[BlackClock "0:01:18"]
[Board "68"]

1. e4 e5 2. Nf3 Nc6 3. Bb5 Be7 4. O-O Nf6 5. d3 d6 6. Nc3 O-O 7. h3 h6 8. Bxc6 bxc6 9. d4 exd4 10. Nxd4 Bd7 11. Bf4 c5 12. Nf5 Bxf5 13. exf5 Re8 14. Qd3 d5 15. Rfe1 c6 16. g4 c4 17. Qg3 Bb4 18. a3 Bxc3 19. Qxc3 Ne4 20. Qf3 Qf6 21. c3 Kh7 22. Rad1 g6 23. fxg6+ fxg6 24. Qe3 h5 25. g5 Qf5 26. Bg3 Nxg5 27. Qc5 Nf3+ 28. Kg2 Nxe1+ 0-1


[Site "https://www.chess.com"]

[Event "Titled Tuesday Blitz June 27 Early 2023"]
[White "Talibov, Shiroghlan"]
[Black "Flynn, Jacob"]
[WhiteFideId "13429078"]
[BlackFideId "2509393"]
[WhiteElo "2820"]
[BlackElo "2473"]
[Result "1-0"]
[Round "1"]
[TimeControl "180+2"]
[Date "2023.06.27"]
[WhiteClock "0:01:43"]
[BlackClock "0:00:18"]
[Board "69"]

1. c4 Nf6 2. Nc3 c5 3. g3 e6 4. Nf3 d5 5. cxd5 exd5 6. d4 Nc6 7. Bg2 cxd4 8. Nxd4 Bc5 9. Nb3 Bb6 10. Bg5 d4 11. Nd5 Be6 12. Nxf6+ gxf6 13. Bh6 Qd7 14. Bg7 Rg8 15. Bxf6 Rg6 16. Bh4 f6 17. O-O O-O-O 18. Rc1 Kb8 19. Nc5 Bxc5 20. Rxc5 Bh3 21. Bxc6 bxc6 22. Qb3+ Qb7 23. Rfc1 Qxb3 24. axb3 Bd7 25. R5c4 Be8 26. Rd1 Kc7 27. Rdxd4 Rxd4 28. Rxd4 Bf7 29. Rf4 Bxb3 30. Rxf6 Rg7 31. f3 Rd7 32. Bg5 Bd1 33. Kf2 a5 34. h4 Kb6 35. h5 a4 36. g4 Kb5 37. Rf5+ Kc4 38. Bf6 Kb3 39. Rf4 c5 40. g5 Bc2 41. e4 c4 42. g6 hxg6 43. hxg6 Rb7 44. Be5 1-0


[Site "https://www.chess.com"]

[Event "Titled Tuesday Blitz June 27 Early 2023"]
[White "Koutsin, Sergey"]
[Black "Ohanyan, Emin"]
[WhiteFideId "14101483"]
[BlackFideId "13312022"]
[WhiteElo "2471"]
[BlackElo "2818"]
[Result "1-0"]
[Round "1"]
[TimeControl "180+2"]
[Date "2023.06.27"]
[WhiteClock "0:00:25"]
[BlackClock "0:00:01"]
[Board "70"]

1. d4 Nf6 2. c4 e6 3. Nf3 d5 4. Nc3 Nbd7 5. cxd5 exd5 6. Bg5 c6 7. e3 h6 8. Bh4 Be7 9. Bd3 Ne4 10. Bxe7 Qxe7 11. Qc2 Ndf6 12. O-O O-O 13. Nd2 Re8 14. Rae1 Bf5 15. Ndxe4 dxe4 16. Bc4 Be6 17. Qb3 Bxc4 18. Qxc4 Rad8 19. h3 Nd5 20. a3 h5 21. Rc1 Rd6 22. b4 Qg5 23. Kh1 a6 24. Qe2 h4 25. Nxd5 Rxd5 26. Rc5 Re6 27. Qg4 Qxg4 28. hxg4 Red6 29. Kh2 g5 30. f3 Re6 31. f4 f6 32. fxg5 fxg5 33. Rxd5 cxd5 34. Rf5 Rc6 35. Rxg5+ Kf8 36. Rxd5 Rc3 37. Kh3 Rxe3+ 38. Kxh4 Rxa3 39. Re5 e3 40. g5 Rb3 41. Kh5 Rxb4 42. Rxe3 Rxd4 43. Rc3 Rd7 44. Kh6 Rd6+ 45. g6 a5 46. Rc8+ Ke7 47. Kh7 Rd4 48. g3 Rd1 49. g7 Rh1+ 50. Kg6 1-0


[Site "https://www.chess.com"]

[Event "Titled Tuesday Blitz June 27 Early 2023"]
[White "Rahman, Masruri"]
[Black "Mackster23"]
[WhiteFideId "7101163"]
[WhiteElo "2818"]
[BlackElo "2471"]
[Result "0-1"]
[Round "1"]
[TimeControl "180+2"]
[Date "2023.06.27"]
[WhiteClock "0:00:13"]
[BlackClock "0:00:04"]
[Board "71"]

1. d4 d5 2. Bf4 c5 3. e3 Nc6 4. c3 Qb6 5. Qb3 c4 6. Qc2 e5 7. Bg3 Bf5 8. Qc1 exd4 9. exd4 O-O-O 10. Be2 Nf6 11. Nd2 Bd6 12. b3 cxb3 13. axb3 Bxg3 14. hxg3 Rhe8 15. Kf1 Re7 16. Qa3 Rde8 17. Re1 Bd3 18. Ndf3 Ne4 19. Qc1 Qa6 20. c4 dxc4 21. bxc4 Nb4 22. Nh3 Bxe2+ 23. Kg1 Qxc4 24. Qf4 Bxf3 25. Rc1 Nc3 26. Kh2 Bc6 27. Qg4+ Kb8 28. Qf4+ Ka8 29. Rhd1 Nd3 30. Qd2 Nxc1 31. Rxc1 Qe2 32. Qxc3 Qe4 33. Nf4 g5 34. f3 Qe3 35. Qc5 gxf4 36. d5 fxg3+ 37. Kxg3 Qxc5 0-1


[Site "https://www.chess.com"]

[Event "Titled Tuesday Blitz June 27 Early 2023"]
[White "Eynullayev, Atilla"]
[Black "Gharibyan, Mamikon"]
[WhiteFideId "13413570"]
[BlackFideId "13308300"]
[WhiteElo "2470"]
[BlackElo "2816"]
[Result "0-1"]
[Round "1"]
[TimeControl "180+2"]
[Date "2023.06.27"]
[WhiteClock "0:00:05"]
[BlackClock "0:01:03"]
[Board "72"]

1. d4 Nf6 2. c4 e6 3. Nc3 d5 4. cxd5 exd5 5. Bg5 Bb4 6. e3 h6 7. Bh4 g5 8. Bg3 Ne4 9. Rc1 h5 10. f3 Nxg3 11. hxg3 c6 12. g4 h4 13. Bd3 Qe7 14. Qd2 Be6 15. Nge2 Nd7 16. a3 Bd6 17. Kd1 Nf6 18. Kc2 O-O-O 19. Kb1 Kb8 20. Na4 Bc8 21. Rc3 Rde8 22. Bc2 Qc7 23. Nc5 Re7 24. Rb3 Ka8 25. Bf5 Rhe8 26. Bxc8 Qxc8 27. Nc1 Bxc5 28. dxc5 Nd7 29. Qd4 Ne5 30. Re1 h3 31. Qd1 hxg2 32. Qe2 f5 33. Qxg2 fxg4 34. f4 Nf3 35. Re2 Qf5+ 36. Ka2 gxf4 37. exf4 Rxe2 38. Nxe2 Nd2 39. Nc3 0-1


[Site "https://www.chess.com"]

[Event "Titled Tuesday Blitz June 27 Early 2023"]
[White "Horvath, Dominik"]
[Black "Kovalevsky, Stanislav"]
[WhiteFideId "1642561"]
[BlackFideId "13508598"]
[WhiteElo "2814"]
[BlackElo "2470"]
[Result "1-0"]
[Round "1"]
[TimeControl "180+2"]
[Date "2023.06.27"]
[WhiteClock "0:00:52"]
[BlackClock "0:00:04"]
[Board "73"]

1. Nf3 d5 2. c4 c6 3. e3 Nf6 4. Qc2 e6 5. b3 Nbd7 6. Qc3 a5 7. Ba3 Be7 8. Bxe7 Qxe7 9. Be2 a4 10. O-O axb3 11. axb3 Rxa1 12. Qxa1 O-O 13. d4 Ne4 14. Nc3 Qb4 15. Nxe4 dxe4 16. Ng5 Qxb3 17. Nxe4 e5 18. dxe5 Qc2 19. Ng3 Re8 20. Rd1 Nxe5 21. h3 Nxc4 22. Rc1 Qb2 23. Bxc4 Qxa1 24. Rxa1 b5 25. Be2 Be6 26. Bf3 c5 27. Bc6 Rb8 28. Bxb5 Kf8 29. Bd3 c4 30. Bf1 c3 31. Rc1 c2 32. Rxc2 Rb1 33. Kh2 h5 34. Be2 h4 35. Ne4 f6 36. Rc7 Bf5 37. Bf3 Rb2 38. Nd6 Be6 39. e4 Rxf2 40. Nf5 g5 41. Nd4 Bf7 42. Bg4 Rf4 43. Bf5 Rf2 44. Ne6+ Bxe6 45. Bxe6 Ke8 46. Bd5 Kf8 47. Rf7+ Ke8 48. Kg1 Rf4 49. Rg7 Kf8 50. Rg8+ Ke7 51. e5 Rd4 52. Rg7+ Kf8 53. Rg8+ Ke7 54. exf6+ Kxf6 55. Bf3 Ke5 56. Rf8 Rd2 57. Kh2 Rb2 58. Bg4 Ke4 59. Rf5 Ke3 60. Rxg5 Rb4 61. Rh5 Kf2 62. Rxh4 Rb1 63. Rh5 Rh1+ 1-0


[Site "https://www.chess.com"]

[Event "Titled Tuesday Blitz June 27 Early 2023"]
[White "Gheorghiu, Calin"]
[Black "Elsa167"]
[WhiteFideId "1200305"]
[WhiteElo "2468"]
[BlackElo "2813"]
[Result "0-1"]
[Round "1"]
[TimeControl "180+2"]
[Date "2023.06.27"]
[WhiteClock "0:00:00"]
[BlackClock "0:00:25"]
[Board "74"]

1. e4 c6 2. f4 d5 3. e5 Bf5 4. d3 e6 5. Nf3 h5 6. g3 h4 7. Bg2 h3 8. Bf1 Qb6 9. c3 Nh6 10. Be2 Bg4 11. Nd4 Bxe2 12. Qxe2 c5 13. Nf3 Nf5 14. g4 Nh4 15. Nxh4 Rxh4 16. Rg1 Nc6 17. Be3 O-O-O 18. Na3 Rh8 19. O-O-O d4 20. Bf2 dxc3 21. bxc3 Qa6 22. Nc4 b5 23. Nd6+ Bxd6 24. exd6 Qa3+ 25. Qb2 Qxb2+ 26. Kxb2 Rxd6 27. Bxc5 Rd5 28. Bf2 Kb7 29. Rg3 g5 30. fxg5 Rxg5 31. Be3 Rg6 32. Rf1 f5 33. Rfg1 Rhg8 34. Rxh3 Rxg4 35. Rh7+ Kc8 36. Rxg4 Rxg4 37. h4 f4 38. Bc5 Ne5 39. Bd6 Nxd3+ 40. Kb3 f3 41. Rf7 f2 42. Kc2 Nf4 43. Bxf4 f1=Q 44. Rf8+ Kd7 45. Rf7+ Ke8 0-1


[Site "https://www.chess.com"]

[Event "Titled Tuesday Blitz June 27 Early 2023"]
[White "Bazeev, German"]
[Black "Principe, Alexander"]
[WhiteFideId "24119350"]
[BlackFideId "3804542"]
[WhiteElo "2813"]
[BlackElo "2468"]
[Result "1-0"]
[Round "1"]
[TimeControl "180+2"]
[Date "2023.06.27"]
[WhiteClock "0:01:52"]
[BlackClock "0:00:04"]
[Board "75"]

1. d4 Nf6 2. c4 g6 3. Nf3 Bg7 4. Nc3 O-O 5. Bg5 d6 6. e3 b6 7. Be2 Bb7 8. O-O Nbd7 9. b4 a5 10. b5 Qc8 11. Nd2 h6 12. Bh4 e5 13. Bf3 Re8 14. Rc1 e4 15. Be2 Nf8 16. Qc2 g5 17. Bg3 Ng6 18. d5 h5 19. h3 h4 20. Bh2 g4 21. hxg4 Nxg4 22. Ncxe4 Nxh2 23. Kxh2 Qf5 24. Bd3 Qe5+ 25. f4 Qh5 26. Rce1 Bc8 27. Nf2 Bh6 28. Be2 Qf5 29. Qxf5 Bxf5 30. Bg4 Bc2 31. g3 Kg7 32. Nf3 hxg3+ 33. Kxg3 Rxe3 34. Nh3 Rae8 35. Rxe3 Rxe3 36. Ng5 Bxg5 37. fxg5 Ne5 38. Kf4 Nxg4 39. Kxg4 Re4+ 40. Kg3 Rxc4 41. Re1 Be4 42. Nh4 Bg6 43. Re7 Rc5 44. a4 Rxd5 45. Rxc7 Rxg5+ 46. Kf4 Rc5 47. Rb7 Rc4+ 48. Kg5 Rxa4 49. Nxg6 Rb4 50. Ne7 Rxb5+ 51. Nf5+ Kh7 52. Rxf7+ Kg8 53. Kg6 1-0


[Site "https://www.chess.com"]

[Event "Titled Tuesday Blitz June 27 Early 2023"]
[White "Rengifo Blancas, Renzo Jhonathan"]
[Black "Kushko, Dmitriy"]
[WhiteFideId "3807185"]
[BlackFideId "14162261"]
[WhiteElo "2467"]
[BlackElo "2811"]
[Result "0-1"]
[Round "1"]
[TimeControl "180+2"]
[Date "2023.06.27"]
[WhiteClock "0:01:20"]
[BlackClock "0:02:33"]
[Board "76"]

1. e4 g6 2. d4 Bg7 3. c4 d6 4. Nc3 e5 5. d5 a5 6. Nf3 Na6 7. Be2 Ne7 8. Be3 O-O 9. h3 f5 10. exf5 Nxf5 11. O-O Nxe3 12. fxe3 Nc5 13. Qc2 Bd7 14. b3 e4 15. Nd4 Qg5 16. Qd2 Bxh3 17. Bd1 Bxd4 18. Rxf8+ Rxf8 0-1


[Site "https://www.chess.com"]

[Event "Titled Tuesday Blitz June 27 Early 2023"]
[White "Sethuraman, S.P."]
[Black "Herzog2012"]
[WhiteFideId "5021596"]
[WhiteElo "2807"]
[BlackElo "2466"]
[Result "1-0"]
[Round "1"]
[TimeControl "180+2"]
[Date "2023.06.27"]
[WhiteClock "0:00:09"]
[BlackClock "0:00:01"]
[Board "77"]

1. d4 Nf6 2. c4 e6 3. Nf3 b6 4. a3 Ba6 5. Qc2 Bb7 6. Nc3 d5 7. cxd5 exd5 8. Bf4 a6 9. e3 Be7 10. Bd3 O-O 11. O-O Nbd7 12. Rfd1 Rc8 13. Bf5 Re8 14. Ne5 Ra8 15. Nxd7 Nxd7 16. Bxh7+ Kh8 17. Bd3 c5 18. Qe2 Nf6 19. Be5 Bd6 20. f4 Qe7 21. Qf3 Qe6 22. Qg3 Bxe5 23. dxe5 Ne4 24. Bxe4 dxe4 25. Rd6 Qf5 26. Rad1 Re6 27. Qh4+ Kg8 28. Rd8+ Re8 29. R8d7 Bc6 30. R7d6 Re6 31. g4 Qh7 32. Qxh7+ Kxh7 33. Rxe6 fxe6 34. Rd6 Rc8 35. Rxe6 b5 36. Ne2 b4 37. axb4 cxb4 38. Rd6 Bb5 39. Rd2 a5 40. Kf2 a4 41. Nd4 Bc4 42. Rc2 a3 43. b3 Ba6 44. Ra2 Bd3 45. Ra1 Rc3 46. e6 Kg8 47. f5 Bc2 48. Nxc2 Rxc2+ 49. Kg3 Rb2 50. Kf4 Rxb3 51. Rd1 Kf8 52. Rd8+ Ke7 53. Rd7+ Ke8 54. Rxg7 a2 55. f6 Kf8 56. e7+ Ke8 57. Rg8+ 1-0


[Site "https://www.chess.com"]

[Event "Titled Tuesday Blitz June 27 Early 2023"]
[White "Eidelman, Gabriel"]
[Black "Sezdbekov, Ruslan"]
[WhiteFideId "30910544"]
[BlackFideId "13801856"]
[WhiteElo "2465"]
[BlackElo "2805"]
[Result "1/2-1/2"]
[Round "1"]
[TimeControl "180+2"]
[Date "2023.06.27"]
[WhiteClock "0:00:24"]
[BlackClock "0:01:15"]
[Board "78"]

1. Nf3 Nf6 2. c4 e6 3. Nc3 d5 4. e3 Be7 5. b3 O-O 6. Bb2 b6 7. cxd5 exd5 8. d4 Bb7 9. Bd3 Nbd7 10. O-O Re8 11. Ne2 Bd6 12. Ng3 g6 13. Rc1 Ne4 14. Qc2 f5 15. Ne5 Nxe5 16. dxe5 Bxe5 17. Bxe5 Rxe5 18. Qxc7 Re7 19. Qxd8+ Rxd8 20. Ne2 Nc5 21. Rfd1 Nxd3 22. Rxd3 Ba6 23. Rd2 Bxe2 24. Rxe2 f4 25. Kf1 fxe3 26. Rxe3 Rxe3 27. fxe3 Rd7 28. Ke2 Kf7 29. Kd3 Ke6 30. Kd4 Kd6 31. b4 Re7 32. a3 Re4+ 33. Kd3 b5 34. Rc8 Rc4 35. Rd8+ Ke5 36. Rd7 a5 37. bxa5 Ra4 38. Re7+ Kd6 39. Rxh7 Rxa5 40. Rg7 Rxa3+ 41. Kd4 Ra4+ 42. Kd3 Ra3+ 43. Kd4 Ra4+ 44. Kd3 Kc5 45. Rxg6 Ra3+ 46. Kd2 b4 47. h4 Ra2+ 48. Kd3 Ra3+ 49. Kd2 Ra2+ 50. Kd3 Ra3+ 51. Kd2 1/2-1/2


[Site "https://www.chess.com"]

[Event "Titled Tuesday Blitz June 27 Early 2023"]
[White "Vakhlamov, Igor L."]
[Black "Sanhueza, Cristian"]
[WhiteFideId "24126748"]
[BlackFideId "116815"]
[WhiteElo "2800"]
[BlackElo "2464"]
[Result "1-0"]
[Round "1"]
[TimeControl "180+2"]
[Date "2023.06.27"]
[WhiteClock "0:01:11"]
[BlackClock "0:00:05"]
[Board "79"]

1. e4 e5 2. Nf3 Nc6 3. Nc3 Nf6 4. Bb5 Bb4 5. Nd5 Nxd5 6. exd5 Nd4 7. Nxd4 exd4 8. a3 Bc5 9. b4 Bb6 10. Qe2+ Qe7 11. Bb2 Qxe2+ 12. Kxe2 O-O 13. Kd3 d6 14. Bxd4 Bf5+ 15. Kc3 Bxd4+ 16. Kxd4 a6 17. Bd3 Bxd3 18. Kxd3 Rfe8 19. Rhe1 g6 20. c4 Kg7 21. Kd4 Kf6 22. d3 h5 23. Re4 Re7 24. Rae1 Rae8 25. c5 b6 26. f3 g5 27. cxb6 cxb6 28. Rc1 g4 29. Rc6 gxf3 30. gxf3 Rxe4+ 31. fxe4 Rg8 32. Rxd6+ Ke7 33. Rxb6 Rg2 34. Rxa6 Rxh2 35. Rh6 h4 36. a4 Kf8 37. d6 Kg7 38. Rh5 Kg6 39. Rh8 Kg7 40. d7 1-0


[Site "https://www.chess.com"]

[Event "Titled Tuesday Blitz June 27 Early 2023"]
[White "BeReal24"]
[Black "Avinash Ramesh"]
[BlackFideId "45018340"]
[WhiteElo "2462"]
[BlackElo "2798"]
[Result "0-1"]
[Round "1"]
[TimeControl "180+2"]
[Date "2023.06.27"]
[WhiteClock "0:00:58"]
[BlackClock "0:02:11"]
[Board "80"]

1. e4 e5 2. Nf3 Nc6 3. Bb5 a6 4. Ba4 Nf6 5. O-O Nxe4 6. Re1 Nc5 7. Bxc6 dxc6 8. d4 Ne6 9. dxe5 Qxd1 10. Rxd1 Bd7 11. h3 h6 12. Nc3 O-O-O 13. Be3 c5 14. Ne4 b6 15. Ng3 Bc6 16. Nd2 g6 17. a4 a5 18. f4 h5 19. Nge4 Bh6 20. Rf1 Nd4 21. Bxd4 Rxd4 22. Rae1 Rhd8 23. Rf2 Rxa4 24. g3 h4 25. gxh4 Bxf4 26. b3 Bxd2 27. Nxd2 Rxh4 28. Rxf7 Rxd2 29. Rf8+ Kb7 30. e6 Rxh3 31. e7 Rg2+ 32. Kf1 Rh1# 0-1


[Site "https://www.chess.com"]

[Event "Titled Tuesday Blitz June 27 Early 2023"]
[White "Bachmann, Axel"]
[Black "Zeman, Matyas"]
[WhiteFideId "3700488"]
[BlackFideId "364398"]
[WhiteElo "2798"]
[BlackElo "2461"]
[Result "1/2-1/2"]
[Round "1"]
[TimeControl "180+2"]
[Date "2023.06.27"]
[WhiteClock "0:01:43"]
[BlackClock "0:00:08"]
[Board "81"]

1. Nf3 Nf6 2. c4 e6 3. Nc3 d5 4. e3 Be7 5. b3 O-O 6. Bb2 c5 7. cxd5 exd5 8. d4 Nc6 9. Be2 Bg4 10. dxc5 Bxc5 11. O-O Re8 12. Rc1 Bb6 13. h3 Bh5 14. Nh4 Bg6 15. Nxg6 hxg6 16. Rc2 d4 17. Rd2 dxc3 18. Rxd8 Raxd8 19. Qa1 cxb2 20. Qxb2 Ne4 21. Rd1 Rxd1+ 22. Bxd1 Rd8 23. Bf3 Nd2 24. Bxc6 bxc6 25. Qc2 Rd6 26. b4 f5 27. a4 Ne4 28. a5 Bd8 29. Qc4+ Kh7 30. g4 Bh4 31. f3 Rd1+ 32. Kg2 Rd2+ 33. Kf1 Rd1+ 34. Kg2 Rd2+ 35. Kf1 Rd1+ 36. Kg2 1/2-1/2


[Site "https://www.chess.com"]

[Event "Titled Tuesday Blitz June 27 Early 2023"]
[White "Reprintsev, Alexander"]
[Black "Srihari L R"]
[WhiteFideId "14100541"]
[BlackFideId "46617116"]
[WhiteElo "2461"]
[BlackElo "2794"]
[Result "0-1"]
[Round "1"]
[TimeControl "180+2"]
[Date "2023.06.27"]
[WhiteClock "0:01:18"]
[BlackClock "0:01:03"]
[Board "82"]

1. e4 c5 2. b3 d6 3. Bb2 Nc6 4. Bb5 Bd7 5. Ne2 Nf6 6. f3 a6 7. Bxc6 Bxc6 8. d4 cxd4 9. Nxd4 Bd7 10. c4 e6 11. Nc3 Be7 12. Qd2 O-O 13. h4 Rc8 14. g4 h6 15. g5 Nh5 16. O-O-O hxg5 17. Kb1 gxh4 18. f4 e5 19. Nf5 Bxf5 20. exf5 Qd7 21. Nd5 Rfe8 22. Nxe7+ Qxe7 23. fxe5 dxe5 24. Rde1 Qf6 25. Qf2 Ng3 26. Rhg1 Qxf5+ 27. Qxf5 Nxf5 28. Bxe5 f6 29. Bh2 Rxe1+ 30. Rxe1 Kf7 31. Kc2 g5 32. Kc3 g4 33. b4 g3 34. Bg1 h3 0-1


[Site "https://www.chess.com"]

[Event "Titled Tuesday Blitz June 27 Early 2023"]
[White "Gunina, Valentina"]
[Black "Morgunov, Anatoly"]
[WhiteFideId "4167570"]
[BlackFideId "4145909"]
[WhiteElo "2787"]
[BlackElo "2459"]
[Result "1-0"]
[Round "1"]
[TimeControl "180+2"]
[Date "2023.06.27"]
[WhiteClock "0:00:19"]
[BlackClock "0:00:20"]
[Board "83"]

1. d4 e6 2. c4 Nf6 3. Nf3 b6 4. g3 Ba6 5. b3 Bb4+ 6. Bd2 Be7 7. Nc3 d5 8. cxd5 exd5 9. Bg2 Bb7 10. O-O O-O 11. Rc1 c5 12. Bf4 Na6 13. Ne5 Nc7 14. e3 Ne6 15. h4 h6 16. dxc5 bxc5 17. g4 Nxf4 18. exf4 Ne4 19. g5 Nxc3 20. Rxc3 hxg5 21. hxg5 g6 22. Rd3 Qa5 23. Bxd5 Bxd5 24. Rxd5 Qxa2 25. Rd7 Rad8 26. Nc6 Rxd7 27. Qxd7 Bd8 28. Nxd8 Qxb3 29. Nc6 Kg7 30. f5 gxf5 31. Qxf5 Qc3 32. Ne5 Qb3 33. Qf6+ Kg8 34. Kg2 Qd5+ 35. Kg3 Qe6 36. Qxe6 fxe6 37. Rc1 Rc8 38. Rc4 a5 39. Nd3 a4 40. Rxa4 c4 41. Nc1 c3 42. Ra1 c2 43. Ne2 Rd8 44. Rc1 Rd2 45. Kf3 Kg7 46. Ke3 Rd5 47. Rxc2 Rxg5 48. Rc7+ Kf6 49. Ng3 Re5+ 50. Kf4 Ra5 51. Ne4+ Kg6 52. Re7 Rf5+ 53. Ke3 Re5 54. f4 Ra5 55. Rxe6+ Kf7 56. Rc6 Ra3+ 57. Kd4 Ra1 58. Ng5+ Ke7 59. Ke4 Re1+ 60. Kf5 Ra1 61. Re6+ Kd7 62. Re4 Ra6 63. Nh7 Ra5+ 64. Kg6 Ra1 65. Nf6+ Kd6 66. f5 Rg1+ 67. Kf7 Ra1 68. Re6+ Kc5 69. Ne8 Ra7+ 70. Kg6 Ra6 71. Rxa6 Kb5 72. Re6 1-0


[Site "https://www.chess.com"]

[Event "Titled Tuesday Blitz June 27 Early 2023"]
[White "Silva, Caio Henrique Angelico"]
[Black "Do Valle Cardoso, Lucas"]
[WhiteFideId "22777210"]
[BlackFideId "2163144"]
[WhiteElo "2459"]
[BlackElo "2787"]
[Result "1/2-1/2"]
[Round "1"]
[TimeControl "180+2"]
[Date "2023.06.27"]
[WhiteClock "0:00:23"]
[BlackClock "0:00:06"]
[Board "84"]

1. Nf3 d5 2. g3 Nf6 3. Bg2 e6 4. O-O Be7 5. d4 O-O 6. c4 dxc4 7. Qc2 a6 8. a4 Bd7 9. Ne5 Ra7 10. Qxc4 b5 11. Qc2 bxa4 12. Nc3 a3 13. bxa3 c5 14. dxc5 Bxc5 15. Ne4 Bd4 16. Nxd7 Bxa1 17. Nxb8 Qxb8 18. Bf4 Be5 19. Nxf6+ gxf6 20. Bh6 Rc8 21. Qe4 f5 22. Qh4 Qb2 23. e4 Bf6 24. Qh5 Qe5 25. exf5 Qxf5 26. Qe2 Bg7 27. Be3 Rac7 28. Qxa6 Rc3 29. a4 Qd3 30. Qxd3 Rxd3 31. a5 Ra3 32. a6 Rc2 33. a7 Rca2 34. a8=Q+ Rxa8 35. Bxa8 Rxa8 36. Rd1 f5 37. Kg2 Kf7 38. Rd7+ Kg6 39. Rb7 Bf6 40. h4 h5 41. Rb6 Re8 42. Rb7 e5 43. Rb6 Kf7 44. Rb7+ Kg6 45. Rb6 Kf7 46. Rb7+ Kg6 1/2-1/2


[Site "https://www.chess.com"]

[Event "Titled Tuesday Blitz June 27 Early 2023"]
[White "Harshavardhan G B"]
[Black "Boraso, Alessio"]
[WhiteFideId "25059009"]
[BlackFideId "848077"]
[WhiteElo "2784"]
[BlackElo "2459"]
[Result "1-0"]
[Round "1"]
[TimeControl "180+2"]
[Date "2023.06.27"]
[WhiteClock "0:00:52"]
[BlackClock "0:00:11"]
[Board "85"]

1. d4 Nf6 2. c4 g6 3. Nc3 d6 4. e4 Bg7 5. Nf3 O-O 6. Be2 e5 7. d5 a5 8. Bg5 h6 9. Be3 Na6 10. Nd2 Bd7 11. g4 c6 12. h4 Qc8 13. f3 h5 14. g5 Ne8 15. Na4 Qd8 16. Nb6 Rb8 17. Nxd7 Qxd7 18. Bb6 cxd5 19. cxd5 a4 20. Rc1 Nec7 21. Qc2 Rfc8 22. Qb1 Na8 23. Be3 b5 24. Kf2 Nc5 25. b4 Na6 26. a3 f5 27. Kg2 f4 28. Bf2 Bf8 29. Qd3 Be7 30. Rxc8+ Qxc8 31. Nb1 N6c7 32. Rc1 Nb6 33. Qc2 Bd8 34. Nc3 Qd7 35. Kh2 Nc4 36. Nb1 Ne3 37. Qc6 Qe7 38. Nd2 Ne8 39. Bxb5 Rb7 40. Qxe8+ Qxe8 41. Bxe8 Bb6 42. Bxg6 Bd4 43. Nb1 Kg7 44. Bxh5 1-0


[Site "https://www.chess.com"]

[Event "Titled Tuesday Blitz June 27 Early 2023"]
[White "Jovic, Stanoje"]
[Black "Gorovets, Andrey"]
[WhiteFideId "905020"]
[BlackFideId "13504037"]
[WhiteElo "2458"]
[BlackElo "2778"]
[Result "1-0"]
[Round "1"]
[TimeControl "180+2"]
[Date "2023.06.27"]
[WhiteClock "0:00:24"]
[BlackClock "0:00:00"]
[Board "86"]

1. c4 c5 2. g3 g6 3. Bg2 Bg7 4. Nc3 Nc6 5. Nf3 d6 6. O-O e6 7. a3 Nge7 8. Rb1 b6 9. b4 Bb7 10. b5 Na5 11. Qa4 O-O 12. Bb2 d5 13. cxd5 exd5 14. d4 c4 15. Qc2 Nf5 16. Rbd1 Re8 17. e3 Nd6 18. Ne5 Ne4 19. f3 Nxc3 20. Bxc3 Nb3 21. e4 Rc8 22. Nc6 Bxc6 23. bxc6 dxe4 24. d5 e3 25. Rfe1 b5 26. Bxg7 Kxg7 27. Qc3+ Qf6 28. Rxe3 Qxc3 29. Rxc3 Red8 30. a4 a6 31. axb5 axb5 32. f4 Rxc6 33. dxc6 Rxd1+ 34. Kf2 Rd8 35. Re3 Kf8 36. Re5 Nd4 37. Rc5 Ke7 38. c7 Rc8 39. Bb7 Rxc7 40. Rxc7+ Kd6 41. Rc8 f5 42. Ke3 Nb3 43. Ba6 1-0


[Site "https://www.chess.com"]

[Event "Titled Tuesday Blitz June 27 Early 2023"]
[White "Weetik, Vjacheslav"]
[Black "gueraumasague"]
[WhiteFideId "4153472"]
[WhiteElo "2774"]
[BlackElo "2457"]
[Result "1-0"]
[Round "1"]
[TimeControl "180+2"]
[Date "2023.06.27"]
[WhiteClock "0:00:12"]
[BlackClock "0:00:01"]
[Board "87"]

1. d4 Nf6 2. c4 g6 3. Nc3 Bg7 4. e4 d6 5. Nf3 O-O 6. Be2 Bg4 7. Ng1 Bxe2 8. Ngxe2 c5 9. O-O Nc6 10. d5 Na5 11. Qd3 Nd7 12. f4 a6 13. Kh1 Rb8 14. e5 dxe5 15. f5 b5 16. cxb5 axb5 17. Ne4 c4 18. Qh3 Nf6 19. Nxf6+ exf6 20. Bd2 b4 21. Rad1 Qd7 22. Ng3 Rb5 23. d6 Nb7 24. Ne4 g5 25. Qh5 h6 26. h4 Qc6 27. Rfe1 Rd8 28. hxg5 fxg5 29. Bxg5 hxg5 30. Qxg5 Kf8 31. f6 Bh8 32. Qh6+ Kg8 33. Ng5 Nxd6 34. Qh7+ 1-0


[Site "https://www.chess.com"]

[Event "Titled Tuesday Blitz June 27 Early 2023"]
[White "Begunov, Konstantin"]
[Black "Maksimovic, Bojan"]
[WhiteFideId "4118510"]
[BlackFideId "14408120"]
[WhiteElo "2453"]
[BlackElo "2770"]
[Result "0-1"]
[Round "1"]
[TimeControl "180+2"]
[Date "2023.06.27"]
[WhiteClock "0:00:03"]
[BlackClock "0:01:13"]
[Board "88"]

1. d4 g6 2. c4 Bg7 3. Nc3 d6 4. e4 e5 5. Nge2 Nf6 6. f3 Nbd7 7. Be3 c6 8. Qd2 O-O 9. O-O-O b5 10. cxb5 cxb5 11. Nxb5 d5 12. dxe5 Nxe5 13. Nec3 Qe7 14. exd5 Bf5 15. d6 Qd7 16. Nd4 Rac8 17. Nxf5 Qxf5 18. f4 Neg4 19. Bd3 Ne4 20. Bxe4 Qxe4 21. Bd4 Bh6 22. g3 Rfd8 23. Rhe1 Qf5 24. h3 Rxd6 25. hxg4 Qxg4 26. Qe2 Qxg3 27. Be5 Bxf4+ 28. Bxf4 Qxf4+ 29. Qe3 Rxd1+ 30. Kxd1 Qg4+ 31. Kc2 h5 32. Kb1 Qf5+ 33. Ne4 Qe5 34. Qf3 Kg7 35. Re2 Rc7 36. Nc3 Qd4 37. a3 Rd7 38. Rf2 h4 39. Ne4 f5 40. Ng5 Qd3+ 41. Qxd3 Rxd3 42. Re2 Kf6 43. Nh7+ Kg7 44. Ng5 Rg3 45. Ne6+ Kf6 46. Nf4 g5 47. Nh5+ Kg6 48. Nxg3 hxg3 49. b4 f4 50. Kc2 f3 51. Re3 g2 52. Rxf3 g1=Q 53. Rd3 Qf2+ 54. Kc3 g4 55. Rd4 g3 56. Rg4+ Kf5 57. Rd4 Qxd4+ 58. Kxd4 g2 59. Ke3 g1=Q+ 0-1


[Site "https://www.chess.com"]